 Dungeon Crawl Stone Soup version 0.28.0-53-g5a82cb258f (webtiles) character file.

Game seed: 15707367584810815158

91 TheGhostDragon953 the Skirmisher (level 4, -1/41 HPs)
             Began as a Hill Orc Fighter on June 13, 2022.
             Slain by an iguana (4 damage)
             ... on level 4 of the Dungeon.
             The game lasted 00:21:59 (3348 turns).

TheGhostDragon953 the Skirmisher (Hill Orc Fighter) Turns: 3348, Time: 00:22:00

Health: -1/41      AC:  8    Str: 20    XL:     4   Next: 59%
Magic:  1/1        EV:  9    Int:  8    God:
Gold:   18         SH:  4    Dex: 10    Spells: 3/3 levels left

rFire   . . .      SeeInvis .   m - +4 war axe (antimagic)
rCold   . . .      Faith    .   c - +0 buckler
rNeg    . . .      Spirit   .   b - +0 scale mail
rPois   .          Reflect  .   (no helmet)
rElec   .          Harm     .   (no cloak)
rCorr   .          Rampage  .   h - +0 pair of gloves
Will    .....                   (no boots)
Stlth   ..........              (no amulet)
HPRegen 0.13/turn               (no ring)
MPRegen 0.07/turn               (no ring)

@: no status effects
A: no striking features
a: no special abilities


You were on level 4 of the Dungeon.
You visited 1 branch of the dungeon, and saw 4 of its levels.

You collected 161 gold pieces.
You spent 143 gold pieces at shops.

Inventory:

Hand Weapons
 m - a +4 antimagic war axe (weapon)
Armour
 b - a +0 scale mail (worn)
 c - a +0 buckler (worn)
 h - a +0 pair of gloves (worn)
Scrolls
 a - a scroll of summoning {unknown}
 e - a scroll of immolation {unknown}
 g - a scroll of teleportation {unknown}
 i - a scroll of noise {unknown}
Potions
 d - a potion of might
 f - 4 potions of curing {unknown}
 j - a potion of lignification {unknown}
 k - a potion of attraction {unknown}
 l - a potion of haste {unknown}


   Skills:
 * Level 4.7 Fighting
 * Level 4.1 Axes
 + Level 3.8 Armour
 + Level 3.7 Shields


You had 3 spell levels left.
You didn't know any spells.
Your spell library contained the following spells:

 Spells                   Type           Power      Damage    Failure   Level
 Beastly Appendage        Tmut           0%         N/A       85%         1
 Wereblood                Tmut           0%         N/A       94%         2
 Spider Form              Tmut/Pois      0%         N/A       99%         3


Dungeon Overview and Level Annotations

Branches:
Dungeon (4/15)
 Temple: D:4-7

Altars:
Cheibriados

Shops:
D:2 [   D:3 *(


Message History

Found a stone staircase leading up.
There is a stone staircase leading up here.
There is a stone staircase leading up here.
There is a stone staircase leading down here.
Things that are here:
a +0 short sword; 5 stones Done exploring.
Done exploring.
Done exploring.
There is a stone staircase leading down here.
You climb downwards.
There is a stone staircase leading up here.
Found a scale mail.
You see here a +0 scale mail.
You open the door.
An iguana and a hobgoblin come into view.
The hobgoblin shouts!
The hobgoblin moves out of view.
The iguana bites you!
There is an open door, spattered with blood here.
You hit the iguana.
The iguana is moderately wounded.
The iguana bites you!
You slash the iguana!
The iguana is severely wounded.
You slash the hobgoblin!
You kill the hobgoblin!
The iguana bites you but does no damage.
You barely miss the iguana.
The iguana is severely wounded.
The iguana bites you!
* * * LOW HITPOINT WARNING * * *
The iguana bites you!
* * * LOW HITPOINT WARNING * * *
You are too injured to fight recklessly!
You are too injured to fight recklessly!
You are too injured to fight recklessly!
You are too injured to fight recklessly!
The iguana bites you.
You die...

#.# ..... #.#
....# #.#
....# #.#
#....## #.#
......#
##.##.......
#...'.......
###l.##.......
#.@..# .......
#.##.# .......
#.##.# .......
#.##.# .......
#.##.. .......
#.#### ##.....
#.# #.# #.#


You could see an iguana.

Vanquished Creatures
  2 adders
  2 worms (D:2)
  2 dart slugs (D:2)
  A bat (D:1)
  3 endoplasms
  8 goblins
  8 hobgoblins
  3 jackals (D:1)
  6 quokkas
  7 ball pythons
  5 frilled lizards
  7 kobolds
  4 rats
58 creatures vanquished.

Vanquished Creatures (others)
  6 plants (D:3)
6 creatures vanquished.

Grand Total: 64 creatures vanquished

Notes
Turn   | Place    | Note
-------+----------+-------------------------------------------
     0 | D:1      | TheGhostDragon953 the Hill Orc Fighter began the quest for
                  | the Orb.
     0 | D:1      | Reached XP level 1. HP: 19/19 MP: 1/1
    87 | D:1      | Reached XP level 2. HP: 21/27 MP: 2/2
  1133 | D:1      | Found a faded altar of an unknown god.
  1305 | D:1      | Reached XP level 3. HP: 33/33 MP: 3/3
  1807 | D:2      | Found a snail-covered altar of Cheibriados.
  2264 | D:2      | Reached XP level 4. HP: 41/41 MP: 4/4
  2300 | D:2      | Found Cumumik's Armour Shoppe.
  2696 | D:3      | Found Zyubremp's Antique Weapon Shoppe.
  2699 | D:3      | Bought a glowing war axe for 143 gold pieces
  2734 | D:3      | Found Nybucwe's Assorted Antiques.
  3348 | D:4      | Slain by an iguana

Illustrated notes

Levels and vault maps discovered:
D:1:      kennysheep_arrival_forest, layout_basic,
          ebering_ecumenical_altar_abandoned
D:2:      layout_rooms, serial_shops, nicolae_shop_stone, basic_altar,
          minmay_fractal_squares_gapless_5
D:3:      layout_basic, serial_shops, nicolae_shop_behind_doors,
          nicolae_shop_overgrown_old_shop, kennysheep_another_room
D:4:      layout_basic, serial_shops, nicolae_shop_trees,
          nicolae_shop_hallway_stairs, shop, uniq_sigmund, uniq_blork_the_orc

Skill      XL: |  1  2  3  4 |
---------------+-------------+-----
Axes           | 3 4 |  4.1
Fighting       | 4 |  4.7
Armour         | |  3.8
Shields        | |  3.7

Action                   |  1- 3 |  4- 6 || total
-------------------------+-------+-------++-------
Melee: War axe           |   118 |    45 ||   163
Armor: Scale mail        |    47 |    17 ||    64
Dodge: Dodged            |    62 |    21 ||    83
Block: Buckler           |    29 |     7 ||    36
